 Dungeon Crawl Stone Soup version 0.29-a0-284-gf9362112df (webtiles) character file.

Game seed: 2583436683010124297

627128 sokol815 the Cryomancer (level 27, -11/287 HPs)
             Began as a Demonspawn Monk on Mar 28, 2022.
             Was a High Priest of Cheibriados.
             Mangled by an Ice Fiend (19 damage)
             ... on level 11 of a ziggurat on Mar 30, 2022.
             The game lasted 07:28:04 (82630 turns).

sokol815 the Cryomancer (Demonspawn Monk)          Turns: 82630, Time: 07:28:05

Health: -11/287    AC: 19    Str: 21    XL:     27
Magic:  3/42       EV: 15    Int: 44    God:    Cheibriados [*****.]
Gold:   3812       SH: 21    Dex: 32    Spells: 8/57 levels left

rFire   + + .      SeeInvis .   c - staff of cold {rC+}
rCold   + + .      Faith    .   u - +4 kite shield {reflect}
rNeg    + + +      Spirit   .   T - +1 robe "Jitzism" {rF- Will+++ Int+3}
rPois   +          Reflect  +   t - +5 helmet of Mordant Beauty {+Inv rPois rN++ Str-3}
rElec   +          Harm     .   f - +2 cloak {Stlth+}
rCorr   .          Rampage  .   (gloves unavailable)
Will    +++++                   W - +2 pair of boots {Stlth+}
Stlth   +++++++++.              V - amulet "Pyroc" {rElec rF+ rN+ Regen+}
HPRegen 1.37/turn               K - ring "Nuihet" {Wiz rPois rF+ Stlth+}
MPRegen 0.28/turn               j - ring of Qoploin {rElec rC+ Str-4 Int+6 Dex+3}

@: weakened, unable to drink, studying Maces & Flails, unable to read, very slow
A: molten scales 3, icemail 2, robust 3, condensation shield, demonic magic 3,
demonic touch 3, inability to read while threatened, devolution 1
}: 3/15 runes: decaying, silver, gossamer
a: Renounce Religion, Evoke Invisibility, Bend Time, Temporal Distortion,
Slouch, Step From Time


You were on level 11 of a ziggurat.
You worshipped Cheibriados.
Cheibriados was extremely pleased with you.
You visited 10 branches of the dungeon, and saw 51 of its levels.
You visited the Abyss 2 times.
You visited 1 bazaar.
You visited 1 ziggurat, and saw 11 of its levels.
You also visited: Ice Cave and Desolation.

You collected 7965 gold pieces.
You spent 4153 gold pieces at shops.

Inventory:

Hand Weapons
 a - the +9 hunting sling of Forgiveness {flame, rC+ MP+9 Dex+3}
   (You found it on level 3 of the Dungeon)

   Any ammunition fired from it burns those it strikes, dealing additional fire
   damage.
   Dex:       It affects your dexterity (+3).
   rC:        It protects you from cold.
   MP:        It affects your magic capacity (+9).
 b - a +9 spectral short sword
   (You subdued it on level 3 of the Elven Halls)
 N - a +7 vampiric broad axe
   (You found it on level 7 of a ziggurat)
Missiles
 n - 36 boomerangs
 x - 16 javelins
 G - 6 silver boomerangs
 H - 17 silver javelins
Armour
 e - the +8 scale mail of Fun {rF+ rCorr MP+9 Str-4}
   (You found it on level 10 of a ziggurat)

   Str:       It affects your strength (-4).
   rF:        It protects you from fire.
   MP:        It affects your magic capacity (+9).
   rCorr:     It protects you from acid and corrosion.
 f - a +2 cloak of stealth (worn)
   (You found it in the Desolation of Salt)
 p - the +2 robe "Quthradgh" {rElec rF+ Str-5 Int+4}
   (You found it on level 4 of the Lair of Beasts)

   Str:       It affects your strength (-5).
   Int:       It affects your intelligence (+4).
   rF:        It protects you from fire.
   rElec:     It insulates you from electricity.
 t - the +5 helmet of Mordant Beauty (worn) {+Inv rPois rN++ Str-3}
   (You bought it in a shop on level 5 of the Dungeon)

   Str:       It affects your strength (-3).
   rPois:     It protects you from poison.
   rN:        It greatly protects you from negative energy.
   +Inv:      It lets you turn invisible.
 u - a +4 kite shield of reflection (worn)
   (You took it off a tengu warrior on level 12 of the Dungeon)
 L - the +3 hat of the Everdark {rPois MP+9 Int+7}
   (You found it on level 4 of the Spider Nest)

   Int:       It affects your intelligence (+7).
   rPois:     It protects you from poison.
   MP:        It affects your magic capacity (+9).
 Q - the +3 robe of Clouds {*Thunder rCloud rElec}
   (You found it on level 4 of the Vaults)

   It occasionally creates storm clouds above nearby enemies.
   It grants its wearer immunity to clouds.
   rElec:     It insulates you from electricity.
 T - the +1 robe "Jitzism" (worn) {rF- Will+++ Int+3}
   (You found it on level 11 of the Dungeon)

   Int:       It affects your intelligence (+3).
   rF:        It makes you vulnerable to fire.
   Will:      It greatly increases your willpower.
 W - a +2 pair of boots of stealth (worn)
   (You bought it in a shop on level 5 of the Dungeon)
Magical Staves
 c - a staff of cold (weapon) {rC+}
   (You found it on level 3 of the Elven Halls)
 w - a staff of air {rElec}
   (You found it on level 4 of a ziggurat)
Jewellery
 j - the ring of Qoploin (right hand) {rElec rC+ Str-4 Int+6 Dex+3}
   (You bought it in a shop on level 5 of the Dungeon)

   [ring of protection from cold]

   Str:       It affects your strength (-4).
   Int:       It affects your intelligence (+6).
   Dex:       It affects your dexterity (+3).
   rC:        It protects you from cold.
   rElec:     It insulates you from electricity.
 k - a ring of resist corrosion
   (You found it on level 10 of the Dungeon)
 r - a ring of flight {+Fly, !d}
   (You took it off Urug on level 5 of the Lair of Beasts)
 s - an amulet of Icwoat {Spirit rF+ rC+}
   (You found it on level 3 of a ziggurat)

   [amulet of guardian spirit]

   It causes incoming damage to be divided between your reserves of health and
   magic.
   rF:        It protects you from fire.
   rC:        It protects you from cold.
 y - an amulet of magic regeneration
   (You took it off a deep elf pyromancer on level 3 of the Elven Halls)
 A - the ring of Stoicism {rPois rC+++ Will+ SInv}
   (You found it on level 12 of the Dungeon)

   [ring of see invisible]

   rC:        It renders you almost immune to cold.
   rPois:     It protects you from poison.
   SInv:      It lets you see invisible.
   Will:      It increases your willpower.
 F - a ring of protection from fire {rF+, !d}
   (You took it off a yaktaur on level 1 of the Vaults)
 K - the ring "Nuihet" (left hand) {Wiz rPois rF+ Stlth+}
   (You took it off a deep elf sorcerer on level 3 of the Elven Halls)

   [ring of wizardry]

   It improves your spell success rate.
   rF:        It protects you from fire.
   rPois:     It protects you from poison.
   Stlth:     It makes you more stealthy.
 P - the ring of the Hare {EV+8}
   (You found it on level 2 of the Elven Halls)

   [ring of evasion]

   EV:        It affects your evasion (+8).
 V - the amulet "Pyroc" (around neck) {rElec rF+ rN+ Regen+}
   (You found it in the Desolation of Salt)

   [amulet of regeneration]

   rF:        It protects you from fire.
   rElec:     It insulates you from electricity.
   rN:        It protects you from negative energy.
   Regen:     It increases your rate of health regeneration.
Wands
 d - a wand of digging (2)
   (You found it on level 4 of the Swamp)
 h - a wand of acid (16)
   (You found it on level 1 of the Swamp)
 i - a wand of iceblast (41)
   (You found it on level 5 of the Dungeon)
 q - a wand of flame (48)
   (You found it on level 4 of the Swamp)
Scrolls
 o - 18 scrolls of fog
 D - 11 scrolls of blinking {!r}
 E - a scroll of fear
 O - a scroll of silence
 S - 2 scrolls of amnesia
 Y - 15 scrolls of teleportation {@r3}
Potions
 m - 3 potions of might
 B - 9 potions of brilliance
 C - 2 potions of cancellation
 I - 2 potions of invisibility
 J - 15 potions of curing {@q1}
 M - a potion of magic
 R - 3 potions of resistance
 U - 13 potions of mutation {!q}
Miscellaneous
 g - a tin of tremorstones (1/2)
   (You found it on level 9 of the Dungeon)
 l - a condenser vane (inert)
   (You found it on level 6 of the Lair of Beasts)
 v - a lightning rod (4/4)
   (You found it on level 3 of the Elven Halls)
 z - a box of beasts
   (You found it on level 7 of a ziggurat)


   Skills:
 + Level 19.1 Fighting
 - Level 11.0 Short Blades
 - Level 5.6 Axes
 - Level 16.0 Slings
 - Level 4.0 Armour
 - Level 4.0 Dodging
 - Level 12.0 Stealth
 - Level 14.9 Shields
 * Level 15.6 Spellcasting
 - Level 16.5 Conjurations
 - Level 3.3 Hexes
 - Level 4.0 Translocations
 + Level 23.0 Ice Magic
 - Level 11.2 Air Magic
 - Level 6.0 Poison Magic
 - Level 14.0 Invocations
 - Level 6.0 Evocations


You had 8 spell levels left.
You knew the following spells:

 Your Spells              Type           Power      Damage    Failure   Level
a - Conjure Ball Lightni  Conj/Air       51%        3x3d18    1%          6
b - Orb of Destruction    Conj           55%        9d14      1%          7
c - Blink                 Tloc           100%       N/A       1%          2
d - Manifold Assault      Tloc           62%        N/A       2%          5
e - Ozocubu's Refrigerat  Ice            75%        4d20      1%          7
f - Polar Vortex          Ice            75%        N/A       4%          9
g - Apportation           Tloc           100%       N/A       1%          1
h - Irradiate             Conj/Tmut      41%        3d27      1%          5
i - Iskenderun's Mystic   Conj/Tloc      90%        2d18      1%          4
x - Mephitic Cloud        Conj/Pois/Air  93%        N/A       1%          3

Your spell library contained the following spells:

 Spells                   Type           Power      Damage    Failure   Level
 Freeze                   Ice            100%       1d11      0%          1
 Magic Dart               Conj           100%       1d8       0%          1
 Ensorcelled Hibernation  Hex/Ice        100%       N/A       0%          2
 Searing Ray              Conj           100%       2d8       0%          2
 Static Discharge         Conj/Air       100%       N/A       0%          2
 Frozen Ramparts          Ice            100%       1d12      0%          3
 Ozocubu's Armour         Ice            100%       N/A       0%          3
 Hailstorm                Conj/Ice       100%       3d20      0%          4
 Foxfire                  Conj/Fire      100%       2x1d9     1%          1
 Summon Small Mammal      Summ           100%       N/A       1%          1
 Passwall                 Tmut/Erth      28%        N/A       1%          2
 Scorch                   Fire           68%        2d8       1%          2
 Sublimation of Blood     Necr           34%        N/A       1%          2
 Wereblood                Tmut           34%        N/A       1%          2
 Call Canine Familiar     Summ           34%        N/A       1%          3
 Confusing Touch          Hex            59%        N/A       1%          3
 Conjure Flame            Conj/Fire      82%        6-21      1%          3
 Dazzling Flash           Conj/Hex       100%       N/A       1%          3
 Gell's Gravitas          Tloc           62%        N/A       1%          3
 Ignite Poison            Fire/Tmut/Pois 51%        N/A       1%          3
 Inner Flame              Hex/Fire       48%        N/A       1%          3
 Lesser Beckoning         Tloc           62%        N/A       1%          3
 Portal Projectile        Hex/Tloc       100%       N/A       1%          3
 Spider Form              Tmut/Pois      57%        N/A       1%          3
 Summon Guardian Golem    Hex/Summ       48%        N/A       1%          3
 Swiftness                Air            93%        N/A       1%          3
 Teleport Other           Tloc           62%        N/A       1%          3
 Tukima's Dance           Hex            59%        N/A       1%          3
 Airstrike                Air            46%        N/A       1%          4
 Cause Fear               Hex            29%        N/A       1%          4
 Flame Wave               Conj/Fire      82%        2d14      1%          4
 Fulminant Prism          Conj/Hex       44%        3d20      1%          4
 Ice Form                 Ice/Tmut       100%       N/A       1%          4
 Olgreb's Toxic Radiance  Pois           72%        N/A       1%          4
 Sticky Flame             Conj/Fire      82%        2d9       1%          4
 Summon Ice Beast         Ice/Summ       100%       N/A       1%          4
 Summon Lightning Spire   Summ/Air       71%        N/A       1%          4
 Fireball                 Conj/Fire      41%        3d17      1%          5
 Freezing Cloud           Conj/Ice/Air   67%        6-21      1%          5
 Iskenderun's Battlesphe  Conj           100%       2d15      1%          5
 Lightning Bolt           Conj/Air       51%        1d72      1%          5
 Metabolic Englaciation   Hex/Ice        61%        N/A       1%          5
 Silence                  Hex/Air        39%        N/A       1%          5
 Simulacrum               Ice/Necr       58%        N/A       1%          6
 Anguish                  Hex/Necr       24%        N/A       2%          4
 Leda's Liquefaction      Hex/Erth       24%        N/A       2%          4
 Iron Shot                Conj/Erth      41%        9d8       2%          6
 Alistair's Intoxication  Tmut/Pois      38%        N/A       4%          5
 Animate Armour           Summ/Erth      68%        N/A       5%          4
 Petrify                  Tmut/Erth      34%        N/A       5%          4
 Summon Forest            Summ/Tloc      25%        N/A       6%          5
 Summon Mana Viper        Hex/Summ       48%        N/A       8%          5
 Agony                    Necr           34%        N/A       16%         5
 Blade Hands              Tmut           17%        N/A       16%         5
 Borgnjor's Vile Clutch   Necr/Erth      17%        N/A       16%         5
 Lee's Rapid Deconstruct  Erth           17%        3d11*     16%         5
 Dispersal                Tloc           31%        N/A       16%         6
 Eringya's Noxious Bog    Tmut/Pois      28%        N/A       24%         6
 Maxwell's Capacitive Co  Air            46%        ∞         32%         8
 Storm Form               Tmut/Air       35%        N/A       38%         7
 Death Channel            Necr           17%        N/A       58%         6
 Summon Cactus Giant      Summ           17%        N/A       58%         6
 Enfeeble                 Hex            29%        N/A       71%         7
 Malign Gateway           Summ/Tloc      25%        N/A       86%         7
 Dragon Form              Tmut           17%        N/A       98%         7
 Monstrous Menagerie      Summ           17%        N/A       98%         7
 Summon Hydra             Summ           17%        N/A       98%         7
 Disjunction              Tloc           31%        N/A       99%         8
 Borgnjor's Revivificati  Necr           17%        N/A       100%        8
 Discord                  Hex            29%        N/A       100%        8
 Ignition                 Fire           17%        3d7       100%        8
 Necromutation            Tmut/Necr      17%        N/A       100%        8
 Summon Horrible Things   Summ           17%        N/A       100%        8
 Death's Door             Necr           17%        N/A       100%        9


Dungeon Overview and Level Annotations

Branches:
Dungeon (15/15)            Temple (0/1) D:4            Lair (6/6) D:11
  Swamp (4/4) Lair:2       Spider (4/4) Lair:4        Slime (0/5) Lair:6
    Orc (2/2) D:12            Elf (3/3) Orc:2        Vaults (5/5) D:14
  Crypt (3/3) Vaults:2       Tomb (0/3) Crypt:3      Depths (4/4) D:15
    Zot (5/5) Depths:4      IceCv (visited)         Desolation (visited)

Altars:
Cheibriados
Fedhas
Hepliaklqana
Kikubaaqudgha
Makhleb
Okawaru
Qazlal
Vehumet
Wu Jian
Xom
Yredelemnul
Beogh
Jiyva

Shops:
D:5 (?=[   D:11 (   Orc:2 ![[(   Elf:1 :   Elf:2 !   Vaults:3 ?   Depths:2 *:(

Portals:
Hell: Depths:1 Depths:2 Depths:3 Depths:4
Abyss: Depths:1 Depths:2 Depths:3
Pandemonium: Depths:1 Depths:2 Depths:3

Annotations:
Elf:2 3 runed translucent doors
Depths:3 2 transporters, spiderkeys's ghost, veteran DrAK
Zot:4 exclusions: 2 doors and 1 more exclusion


Innate Abilities, Weirdness & Mutations

You are completely covered in molten scales. (AC +4, rF+)
A meltable icy envelope protects you from harm. (AC +0)
You are extremely robust. (+30% HP)
A meltable shield of frost defends you. (SH +0)
Spells you cast and wands you use may paralyse nearby enemies.
Your touch may irresistibly damage your foes and sap their willpower.
You sometimes lose the ability to read scrolls when taking damage.
You have hidden genetic defects.


Message History

The demonspawn blood saint is engulfed in poison gas.
The demonspawn blood saint looks even sicker.
The demonspawn warmonger is engulfed in poison gas.
The demonspawn warmonger looks even sicker.
The demonspawn warmonger unwields a +1 double sword of electrocution.
It stops crackling.
The demonspawn warmonger wields a +1 arbalest of flaming.
It bursts into flame!
The demonspawn warmonger shoots a bolt.
The bolt hits you!!
* * * LOW HITPOINT WARNING * * *
Your icy defenses dissipate!
You take 24 damage, and have 55/287 hp.
You now have 10/42 mp.
Activating: Slouch (0% risk of failure)
You can feel time thicken for a moment.
You kill the smoke demon!
Cheibriados appreciates the change of pace.
You kill the demonspawn warmonger!
Cheibriados appreciates the change of pace.
You kill the Executioner!
Cheibriados thoroughly appreciates the change of pace.
You kill the ynoxinul!
Cheibriados thoroughly appreciates the change of pace.
Cheibriados lowers the support of your attributes as your movement quickens.
The Ice Fiend gestures at you. The bolt of cold hits you! You resist.
* * * LOW HITPOINT WARNING * * *
The demonspawn blood saint is engulfed in poison gas.
The demonspawn blood saint looks even sicker.
Qoamelor conjures an orb of pure magic.
An orb of destruction comes into view.
You take 8 damage, and have 47/287 hp.
You now have 6/42 mp.
You warp the flow of time around you!
You now have 2/42 mp.
You cannot drink potions in your current state!
You cannot read scrolls in your current state!
Okay, then.
The tremorstone explodes into fragments!
The burst of rock shards engulfs the Ice Fiend!
The burst of rock shards engulfs the Ice Fiend but does no damage.
The burst of rock shards engulfs the blizzard demon.
The burst of rock shards engulfs the Ice Fiend.
The Brimstone Fiend hits you!
* * * LOW HITPOINT WARNING * * *
You feel your attacks grow feeble. You block the Brimstone Fiend's attack.
The Brimstone Fiend hits you but does no damage.
The demonspawn blood saint completely misses you.
Qoamelor misses you.
You take 16 damage, and have 31/287 hp.
The demonspawn blood saint attacks as you move away!
You block the demonspawn blood saint's attack.
The demonspawn black sun attacks as you move away!
The demonspawn black sun completely misses you.
The Ice Fiend gestures at you. The bolt of cold hits you!! You resist.
* * * LOW HITPOINT WARNING * * *
The Brimstone Fiend hits you but does no damage.
The Brimstone Fiend closely misses you. You block the Brimstone Fiend's attack.
The demonspawn blood saint calls on the powers of chaos!
Qoamelor suddenly seems more resistant.
The Brimstone Fiend seems to speed up.
The demonspawn black sun suddenly seems more resistant.
The blizzard demon seems to grow stronger.
The Ice Fiend's willpower is stripped away.
You block the Ice Fiend's attack.
The Ice Fiend claws you but does no damage.
The Brimstone Fiend calls on the powers of darkness!
Your body is wracked with pain!
* * * LOW HITPOINT WARNING * * *
You take 19 damage, and have 12/287 hp.
Unknown command.
Unknown command.
Unknown command.
Unknown command.
Qoamelor conjures an orb of pure magic.
The Brimstone Fiend hits you but does no damage.
The Brimstone Fiend closely misses you. You block the Brimstone Fiend's attack.
The demonspawn blood saint calls on the powers of chaos!
Qoamelor suddenly seems more agile.
The Brimstone Fiend suddenly seems more resistant.
The Ice Fiend seems to grow stronger.
The blizzard demon waves its arms in wide circles.
The air twists around and strikes you.
* * * LOW HITPOINT WARNING * * *
The Brimstone Fiend closely misses you. The Brimstone Fiend hits you.
* * * LOW HITPOINT WARNING * * *
You feel as though you will be weak longer.
You block the Brimstone Fiend's attack.
The demonspawn blood saint calls on the powers of chaos!
Qoamelor seems to grow stronger.
The orb of destruction is filled with an inner flame.
The Brimstone Fiend's willpower is stripped away.
The demonspawn black sun seems to grow stronger.
The blizzard demon seems to speed up.
The Ice Fiend seems to speed up.
An orb of destruction comes into view.
You take 7 damage, and have 5/287 hp.
The wavering orb of destruction hits the Brimstone Fiend!!!
The Ice Fiend claws you but does no damage.
The Ice Fiend claws you!!
You die...

▓...........▓
▓▓▓▓▓▓...........▓▓▓
▓.....#≈#.....#≈#...
▓.....≈#≈.....≈#≈...
▓.....#≈#.....#≈#...
▓...................
▓..........○&......:
▓∩........1.26..)..}
▓........@16....)...
▓...................
▓.....#≈#.....#≈#...
▓.....§#≈.....§#≈...
▓.....#≈#.....#≈#...
▓▓▓▓▓▓...........▓▓▓
▓...........▓
.........


You could see Qoamelor (strong, agile, black mark, resistant), a Brimstone Fiend
(fast, black mark, resistant, weak-willed), an Ice Fiend (fast, strong, black
mark, weak-willed), a demonspawn blood saint (black mark, very poisoned), a
demonspawn black sun (strong, black mark, resistant) and a blizzard demon (fast,
strong, black mark).

Vanquished Creatures
  A pandemonium lord (Zig:7)
  4 dread liches
  3 ancient liches
  2 orbs of fire (Zot:5)
  Sojobo (Depths:4)
  4 Killer Klowns
  The ghost of Wimurch the Peltast, a veteran GnFi of Qazlal (Vaults:4)
  3 curse toes
  Saint Roka (Depths:4)
  15 golden dragons
  Nikola (Depths:2)
  A pearl dragon (Zig:10)
  2 Brimstone Fiends
  A Tzitzimitl (Zig:11)
  Jory (Crypt:1)
  2 bone dragons (Depths:4)
  5 electric golems
  2 iron giants
  Jorgrun (Swamp:1)
  A Hell Sentinel (Zig:6)
  3 hellephants (Zig:8)
  17 tentacled monstrosities
  2 liches
  An Ice Fiend (Zig:7)
  A shard shrike skeleton (Crypt:3)
  25 Orb Guardians (Zot:5)
  A walking earthen tome (Depths:1)
  3 titans (Vaults:5)
  2 deep elf master archers (Elf:3)
  6 quicksilver dragons
  2 searing wretches (Zig:8)
  3 tentacled starspawn (Abyss:2)
  An Executioner (Zig:11)
  2 acid blobs
  4 sphinxes
  12 ancient champions
  11 shadow dragons
  9 tengu reavers
  10 death cobs
  6 draconian monks
  A thorn hunter (Swamp:4)
  8 storm dragons
  2 rockslimes (Zig:9)
  5 revenants
  9 draconian knights
  Donald (Vaults:3)
  3 azure jellies
  A demonspawn warmonger (Zig:11)
  3 fire giants
  A quicksilver elemental (Zig:6)
  A daeva (Zig:10)
  9 emperor scorpions
  6 frost giants
  12 deep elf sorcerers
  4 balrugs
  14 vault wardens
  3 iron dragons
  2 cacodemons
  4 deep elf elementalists
  3 orc warlords
  3 imperial myrmidons (Desolation)
  3 draconian stormcallers
  6 ghost moths
  5 angels
  3 curse skulls
  8 draconian scorchers
  15 ghouls
  5 draconian shifters
  5 ophanim (Zig:10)
  A reaper (Crypt:3)
  11 draconian annihilators
  2 quicksilver oozes
  2 war gargoyles
  An apis (Zig:10)
  18 ironbound preservers
  A broodmother (Spider:4)
  2 eleionomae (Swamp:3)
  6 ironbound thunderhulks
  The ghost of Psyclone the Jinx, a journeyman DEIE of Vehumet (Lair:6)
  A caustic shrike skeleton (Crypt:1)
  11 stone giants
  25 very ugly things
  14 black draconians
  8 deep elf demonologists
  13 green draconians
  16 white draconians
  7 deep elf annihilators
  14 purple draconians
  13 vampire knights
  3 dire elephants
  A bunyip (Swamp:2)
  14 red draconians
  11 yellow draconians
  A bunyip (shapeshifter) (Depths:4)
  6 spark wasps
  A green death (Depths:2)
  15 deep elf death magi
  2 eidola (Crypt:2)
  An iron golem (Zig:6)
  6 ragged hierophants (Desolation)
  3 crystal guardians
  18 jiangshi
  12 yaktaur captains
  5 fire dragons
  9 deep elf high priests
  A quicksilver dragon zombie (Crypt:1)
  2 shambling mangroves (Swamp:4)
  8 ettins
  Josephine (Lair:4)
  17 hydras
  7 spriggan zombies
  34 vault guards
  6 great orbs of eyes
  A salamander tyrant (Zig:8)
  8 ice dragons
  10 servants of whispers (Desolation)
  3 ogre magi
  9 boulder beetles
  12 peacekeepers
  2 ghost crabs
  2 spriggan skeletons
  5 radroaches
  5 centaur warriors
  3 spriggan air magi
  7 ironbound frosthearts
  4 deep troll shamans
  3 fenstrider witch zombies
  4 jorogumos
  5 death knights
  An anaconda (shapeshifter) (Vaults:5)
  5 alligators
  22 dancing weapons
  13 two-headed ogres
  5 catoblepae
  3 deep troll earth magi
  9 tengu warriors
  Urug (Lair:5)
  A hell hog (Depths:3)
  3 spriggan berserkers
  10 death yaks
  3 orc high priests
  3 thrashing horrors (Abyss:2)
  13 soul eaters
  3 sun demons (Depths:1)
  14 deep elf knights
  7 vampire magi
  A hell knight (Depths:3)
  4 titan skeletons
  2 wretched stars
  4 sun moths
  50 skeletal warriors
  3 storm dragon skeletons
  3 iron trolls
  8 pharaoh ants
  4 shadow wraiths
  4 spriggan druids
  2 sixfirhies
  60 deep trolls
  6 swamp dragons
  6 goliath frogs
  A steelbarb worm (shapeshifter) (Depths:1)
  6 steelbarb worms
  A spatial maelstrom (Abyss:2)
  2 cherubim (Zig:10)
  17 ironbound convokers
  2 spriggan simulacra (Crypt:2)
  10 orb spiders
  4 spectral hydras (Swamp:4)
  10 flayed ghosts
  20 deep elf archers
  9 necromancers
  A shadow dragon zombie (Depths:4)
  A swamp dragon (shapeshifter) (D:15)
  8 phantasmal warriors
  A golden dragon skeleton (Depths:4)
  A lindwurm (Lair:5)
  8 orc knights
  8 bog bodies
  A mana viper (shapeshifter) (Vaults:5)
  A glowing orange brain (Depths:1)
  A bunyip skeleton (Crypt:1)
  A sphinx zombie (Vaults:4)
  An iron dragon zombie (Crypt:3)
  10 wizards
  3 harpies (Vaults:2)
  A harpy (shapeshifter) (Depths:4)
  27 deep elf pyromancers
  31 deep elf zephyrmancers
  4 shadow dragon skeletons
  3 will-o-the-wisps
  20 wolf spiders
  2 draconian zombies (Crypt:1)
  A spectral boulder beetle (Lair:6)
  2 orc sorcerers
  44 ugly things
  A salamander (Depths:1)
  3 oklob plants (Swamp:4)
  A stone giant zombie (Crypt:2)
  A worldbinder (Abyss:2)
  13 elephants
  2 shining eyes (Zig:9)
  5 tengu skeletons
  46 slime creatures
  6 cyclopes
  A manticore (shapeshifter) (Depths:1)
  2 sphinx skeletons
  8 human skeletons
  2 manticores (Lair:6)
  24 moths of wrath
  A water nymph (shapeshifter) (Vaults:5)
  A guardian serpent (Desolation)
  2 rust devils (Depths:2)
  16 vault sentinels
  4 frost giant skeletons (Depths:2)
  An iron dragon skeleton (Depths:2)
  4 fire giant skeletons (Depths:2)
  8 black mambas
  An alligator snapping turtle zombie (Crypt:2)
  2 naga zombies
  An ice statue (D:8)
  2 dire elephant zombies
  A stone giant skeleton (Vaults:2)
  2 orange demons
  6 smoke demons
  A gargoyle (D:11)
  14 cane toads
  2 molten gargoyles (Desolation)
  A naga skeleton (Crypt:1)
  5 torpor snails
  A hellion (Zig:8)
  An unseen horror (D:10)
  A centaur skeleton (Crypt:3)
  A cane toad (shapeshifter) (Elf:3)
  A shock serpent skeleton (Crypt:3)
  A swamp worm zombie (Crypt:2)
  A green draconian zombie (Crypt:1)
  4 rime drakes
  5 komodo dragons
  Maggie (D:7)
  3 tengu conjurers
  10 demonic crawlers
  10 freezing wraiths
  6 kobold demonologists
  5 tormentors
  5 yaktaur skeletons
  A queen bee (Lair:5)
  A sea snake skeleton (Crypt:2)
  37 yaktaurs
  2 ancient zymes
  4 hellwings
  A merfolk (D:15)
  16 meliai
  11 tyrant leeches
  3 death drake zombies (Swamp:4)
  5 polar bears (Lair:2)
  3 hydra zombies
  11 trolls
  55 saltlings (Desolation)
  A wind drake (shapeshifter) (D:12)
  2 hydra skeletons (Swamp:4)
  A raiju (D:13)
  2 spectral guardian serpents (Crypt:3)
  25 blink frogs
  18 tarantellas
  An ettin zombie (Crypt:1)
  8 hornets
  16 jumping spiders
  8 large abominations
  A guardian serpent zombie (Crypt:3)
  An ettin skeleton (Depths:2)
  2 spectral black mambas (Lair:6)
  4 air elementals
  6 spriggans
  A spriggan (shapeshifter) (D:15)
  18 flying skulls
  32 yaks
  A fire elemental (Elf:1)
  An ice dragon skeleton (Crypt:1)
  20 shadows
  10 wraiths
  4 vampires
  4 ynoxinuls
  5 wyverns
  2 water elementals
  16 culicivoras
  6 humans (Vaults:1)
  A basilisk (shapeshifter) (Elf:1)
  2 chaos spawn
  A golden eye (shapeshifter) (D:14)
  2 basilisks
  3 neqoxecs
  A redback (shapeshifter) (Depths:1)
  2 steam dragons
  7 vampire mosquitoes
  37 redbacks
  3 death yak simulacra
  2 small abominations (Abyss:2)
  A harpy simulacrum (Crypt:2)
  A human simulacrum (Vaults:4)
  3 hydra simulacra
  13 wargs
  A spatial vortex (Abyss:2)
  A wind drake skeleton (Crypt:2)
  An acid dragon (D:12)
  A floating eye (Depths:4)
  10 swamp worms
  A hell hound (D:13)
  11 water moccasins
  7 swamp drakes
  53 orc warriors
  2 black bears
  An ogre (shapeshifter) (Vaults:5)
  An ice beast (Vaults:2)
  2 swamp dragon zombies (Swamp:4)
  A black mamba simulacrum (Crypt:3)
  9 centaurs
  9 ogres
  3 boggarts (Vaults:1)
  20 wolves
  A lindwurm skeleton (Crypt:2)
  2 swamp dragon skeletons
  2 human zombies
  A rime drake skeleton (Crypt:3)
  7 kobold brigands
  12 bullfrogs
  A komodo dragon skeleton (Crypt:1)
  6 necrophages
  3 scorpions
  A draconian skeleton (Crypt:3)
  2 earth elementals
  6 gnoll sergeants
  A glowing shapeshifter simulacrum (Vaults:1)
  A warg zombie (Crypt:1)
  An elephant simulacrum (IceCv)
  A polar bear zombie (Crypt:1)
  A shapeshifter zombie (Crypt:1)
  A killer bee (shapeshifter) (Vaults:5)
  26 killer bees
  6 howler monkeys
  3 electric eels
  3 crimson imps (Abyss:2)
  2 lava snakes (Lair:1)
  6 starcursed masses (Abyss:2)
  5 jellies
  A quasit (Abyss:2)
  Crazy Yiuf (D:3)
  3 hounds
  31 orc priests
  2 gnoll shamans
  5 iguanas
  Ijyb (D:3)
  30 orc wizards
  A wolf simulacrum (IceCv)
  An ogre zombie (Crypt:2)
  An ogre skeleton (Crypt:3)
  24 gnolls
  2 adders (D:2)
  A shadow imp (D:6)
  10 white imps
  2 ufetubi
  A worm (D:2)
  4 dart slugs
  117 orcs
  6 ball pythons
  6 endoplasms
  5 giant cockroaches
  7 hobgoblins
  8 jackals
  4 quokkas
  2 ball python skeletons
  A bat (D:1)
  A dart slug zombie (Crypt:2)
  4 frilled lizards
  A gnoll zombie (Crypt:1)
  10 goblins
  25 kobolds
  4 rats
  A spectral hobgoblin (D:8)
  3 ball lightnings (Depths:4)
  A butterfly (Lair:3)
  A starspawn tentacle (Abyss:2)
2542 creatures vanquished.

Vanquished Creatures (collateral kills)
  A dancing weapon (Elf:1)
  An orc warrior (Elf:1)
  2 orcs
  8 ball lightnings
12 creatures vanquished.

Vanquished Creatures (others)
  A white draconian (Zot:3)
  3 deep elf knights
  A shadow wraith (Vaults:5)
  A tengu conjurer (D:13)
  3 bloated husks
  A saltling (Desolation)
  A vampire mosquito (Swamp:1)
  2 dancing weapons (Orc:2)
  An orc warrior (Vaults:5)
  420 ball lightnings
  16 foxfires
  55 fungi
  85 plants
  3 starspawn tentacles (Abyss:2)
  16 withered plants (Crypt:3)
609 creatures vanquished.

Grand Total: 3163 creatures vanquished

Notes
Turn   | Place    | Note
-------+----------+-------------------------------------------
     0 | D:1      | sokol815 the Demonspawn Monk began the quest for the Orb.
     0 | D:1      | Reached XP level 1. HP: 18/18 MP: 1/1
   109 | D:1      | Reached skill level 3 in Axes
   441 | D:1      | Gained mutation: Your touch may inflict minor irresistible
                  | damage on your foes. [demonic ancestry]
   441 | D:1      | Reached XP level 2. HP: 17/24 MP: 2/2
  1255 | D:2      | Reached XP level 3. HP: 29/29 MP: 3/3
  1528 | D:2      | Reached skill level 4 in Axes
  2037 | D:3      | Identified the +9 hunting sling of Forgiveness {flame, rC+
                  | MP+9 Dex+3}
  2349 | D:3      | Noticed a shining eye
  2351 | D:3      | Found a faded altar of an unknown god.
  2355 | D:3      | Gained mutation: A meltable shield of frost defends you.
                  | (SH +0) [demonic ancestry]
  2355 | D:3      | Reached XP level 4. HP: 35/35 MP: 4/4
  2359 | D:3      | Noticed an eye of devastation
  2359 | D:3      | Noticed an eye of devastation
  2359 | D:3      | Noticed a floating eye
  2370 | D:3      | Prayed at the altar of an unknown god.
  2370 | D:3      | Became a worshipper of Cheibriados the Contemplative
  2370 | D:3      | Reached * piety under Cheibriados
  2370 | D:3      | Reached ** piety under Cheibriados
  2413 | D:3      | Found a runed translucent door.
  2414 | D:3      | Noticed Crazy Yiuf
  2578 | D:3      | Noticed Ijyb
  3049 | D:4      | Reached skill level 1 in Slings
  3049 | D:4      | Reached skill level 2 in Stealth
  3059 | D:4      | Reached *** piety under Cheibriados
  3060 | D:4      | Gained mutation: A meltable icy envelope protects you from
                  | harm. (AC +0) [demonic ancestry]
  3060 | D:4      | Reached XP level 5. HP: 40/41 MP: 5/5
  3070 | D:4      | Reached skill level 2 in Slings
  3128 | D:4      | Reached skill level 3 in Stealth
  3130 | D:4      | Found an ancient bone altar of Kikubaaqudgha.
  3195 | D:4      | Reached skill level 3 in Dodging
  3195 | D:4      | Gained mutation: You are partially covered in molten
                  | scales. (AC +2) [demonic ancestry]
  3195 | D:4      | Reached XP level 6. HP: 35/47 MP: 6/6
  3426 | D:4      | Reached skill level 3 in Slings
  3464 | D:4      | Found a shimmering altar of Xom.
  3601 | D:4      | Found an iron altar of Okawaru.
  3877 | D:4      | Found a radiant altar of Vehumet.
  3978 | D:4      | Reached **** piety under Cheibriados
  4010 | D:4      | Reached skill level 4 in Stealth
  4047 | D:4      | Found a staircase to the Ecumenical Temple.
  4104 | D:5      | Entered Level 5 of the Dungeon
  4104 | D:5      | Found Zuutt's Antique Weapon Emporium.
  4130 | D:5      | Reached skill level 1 in Invocations
  4130 | D:5      | Reached XP level 7. HP: 52/52 MP: 7/7
  4161 | D:5      | Reached skill level 4 in Dodging
  4165 | D:5      | Reached skill level 1 in Armour
  4165 | D:5      | Reached skill level 2 in Invocations
  4165 | D:5      | Found Oveumeny's Magic Scroll Emporium.
  4194 | D:5      | Found Moeffoh's Armour Emporium.
  4698 | D:5      | Reached skill level 4 in Slings
  4752 | D:5      | Found Waug's Jewellery Shoppe.
  4766 | D:5      | Bought a scroll of magic mapping for 38 gold pieces
  4847 | D:5      | Reached skill level 3 in Invocations
  4953 | D:6      | Reached skill level 2 in Armour
  4953 | D:6      | Reached skill level 1 in Shields
  5033 | D:6      | Reached XP level 8. HP: 26/58 MP: 10/10
  5435 | D:6      | Found an ornate altar of the Wu Jian Council.
  5500 | D:6      | Reached skill level 5 in Slings
  5531 | D:6      | Reached skill level 4 in Invocations
  5539 | D:6      | Reached skill level 2 in Shields
  5560 | D:6      | Reached ***** piety under Cheibriados
  5574 | D:6      | Reached skill level 3 in Armour
  5820 | D:7      | HP: 11/58 [orc warrior/+0 glaive (13)]
  5837 | D:7      | Reached skill level 5 in Invocations
  5855 | D:7      | Reached skill level 6 in Slings
  5943 | D:7      | Noticed Maggie
  6180 | D:7      | Gained mutation: Your touch may inflict irresistible damage
                  | on your foes. [demonic ancestry]
  6180 | D:7      | Reached XP level 9. HP: 63/63 MP: 13/13
  6325 | D:7      | Reached skill level 3 in Shields
  6499 | D:7      | Reached skill level 6 in Invocations
  6641 | D:8      | Found a hazy altar of Hepliaklqana.
  6798 | D:8      | Reached skill level 4 in Armour
  6858 | D:8      | Reached skill level 7 in Invocations
  6978 | D:8      | Reached skill level 7 in Slings
  6992 | D:8      | Identified a scroll of acquirement
  6992 | D:8      | Acquired 726 gold pieces
  7087 | D:5      | Bought the +5 helmet of Mordant Beauty {+Inv rPois rN++
                  | Str-3} for 726 gold pieces
  7087 | D:5      | Bought a +0 pair of boots of stealth for 161 gold pieces
  7267 | D:8      | Noticed an ice statue
  7425 | D:9      | Noticed a two-headed ogre
  7508 | D:9      | Reached skill level 8 in Invocations
  7513 | D:9      | Killed a two-headed ogre
  7514 | D:9      | Reached skill level 8 in Slings
  7522 | D:9      | Got the Reference Book on Harmful Stones
  7527 | D:9      | Learned a level 3 spell: Mephitic Cloud
  7555 | D:9      | Noticed a two-headed ogre
  7560 | D:9      | Killed a two-headed ogre
  7561 | D:9      | Gained mutation: You are mostly covered in molten scales.
                  | (AC +3) [demonic ancestry]
  7561 | D:9      | Reached XP level 10. HP: 50/70 MP: 16/16
  7623 | D:9      | Noticed a two-headed ogre
  7624 | D:9      | Reached skill level 9 in Invocations
  7627 | D:9      | Killed a two-headed ogre
  7628 | D:9      | Reached skill level 9 in Slings
  7847 | D:9      | Reached skill level 10 in Invocations
  7945 | D:9      | Noticed a two-headed ogre
  7952 | D:9      | Killed a two-headed ogre
  7994 | D:9      | Identified the +2 leather armour of Caustic Beauty {Dex+4}
  8029 | D:9      | Reached skill level 11 in Invocations
  8032 | D:9      | Reached ****** piety under Cheibriados
  8358 | D:10     | Entered Level 10 of the Dungeon
  8533 | D:10     | Reached skill level 12 in Invocations
  9036 | D:10     | Found a stormy altar of Qazlal.
  9036 | D:10     | Found a burning altar of Makhleb.
  9117 | D:11     | Reached skill level 1 in Conjurations
  9117 | D:11     | Reached skill level 1 in Poison Magic
  9125 | D:11     | Reached skill level 1 in Spellcasting
  9125 | D:11     | Reached skill level 1 in Air Magic
  9184 | D:11     | Found Rimiom's Antique Weapon Emporium.
  9201 | D:11     | Reached XP level 11. HP: 75/75 MP: 20/20
  9203 | D:11     | Noticed a boulder beetle
  9213 | D:11     | Killed a boulder beetle
  9214 | D:11     | Reached skill level 10 in Slings
  9214 | D:11     | Reached skill level 2 in Conjurations
  9214 | D:11     | Reached skill level 2 in Poison Magic
  9282 | D:11     | Reached skill level 2 in Air Magic
  9343 | D:11     | Identified the +1 robe "Jitzism" {rF- Will+++ Int+3}
  9356 | D:11     | Found a staircase to the Lair.
  9386 | D:11     | Noticed a skeletal warrior
  9403 | D:11     | Killed a skeletal warrior
  9421 | D:11     | Noticed a death knight
  9426 | D:11     | Noticed a two-headed ogre
  9444 | D:11     | Killed a two-headed ogre
  9445 | D:11     | Reached skill level 3 in Conjurations
  9445 | D:11     | Reached skill level 3 in Air Magic
  9445 | D:11     | Reached skill level 3 in Poison Magic
  9540 | D:11     | HP: 13/75 [death knight/+0 glaive (15)]
  9583 | D:11     | Killed a death knight
  9894 | D:5      | Bought a ring of poison resistance for 200 gold pieces
 10077 | Lair:1   | Entered Level 1 of the Lair of Beasts
 10132 | Lair:1   | Reached skill level 4 in Conjurations
 10132 | Lair:1   | Reached skill level 4 in Poison Magic
 10203 | Lair:1   | Found a dark tunnel.
 10227 | Lair:1   | You fall into a shaft and drop 1 floor!
 10247 | Lair:2   | Reached skill level 4 in Air Magic
 10293 | Lair:2   | Reached skill level 5 in Conjurations
 10293 | Lair:2   | Reached skill level 5 in Poison Magic
 10562 | Lair:1   | Reached skill level 5 in Air Magic
 10643 | Lair:1   | Noticed a fire dragon
 11057 | Lair:2   | Reached skill level 11 in Slings
 11057 | Lair:2   | Gained mutation: Spells you cast may paralyse adjacent
                  | enemies. [demonic ancestry]
 11057 | Lair:2   | Reached XP level 12. HP: 81/81 MP: 21/21
 11086 | Lair:2   | Noticed an eight-headed hydra
 11247 | Lair:2   | Noticed a four-headed hydra
 11389 | Lair:2   | Killed an eight-headed hydra
 11492 | Lair:2   | Killed a one-headed hydra
 11493 | Lair:2   | Reached skill level 2 in Spellcasting
 11695 | Lair:2   | Found a staircase to the Swamp.
 11709 | Lair:2   | Noticed an eight-headed hydra
 11881 | Lair:3   | Reached skill level 3 in Spellcasting
 11881 | Lair:3   | Reached skill level 6 in Conjurations
 11881 | Lair:3   | Reached skill level 6 in Poison Magic
 11892 | Lair:3   | Acquired the amulet "Migaihae" {Faith Regen+ Str+2}
 12031 | Lair:3   | Reached skill level 6 in Air Magic
 12626 | Lair:4   | Noticed a four-headed hydra
 12708 | Lair:4   | Noticed Josephine
 12797 | Lair:4   | Found a hole to the Spider Nest.
 12819 | Lair:4   | Reached skill level 5 in Axes
 12827 | Lair:4   | Reached skill level 4 in Fighting
 12975 | Lair:4   | Killed Josephine
 12976 | Lair:4   | Reached skill level 12 in Slings
 13052 | Lair:4   | Gained mutation: Spells you cast may paralyse nearby
                  | enemies. [demonic ancestry]
 13052 | Lair:4   | Reached XP level 13. HP: 90/90 MP: 22/22
 13145 | Lair:4   | Identified the +2 robe "Quthradgh" {rElec rF+ Str-5 Int+4}
 13164 | Lair:4   | Learned a level 6 spell: Conjure Ball Lightning
 13545 | Lair:2   | Reached skill level 13 in Invocations
 14173 | Lair:5   | Reached skill level 5 in Fighting
 14314 | Lair:5   | Noticed Urug
 14373 | Lair:5   | Found a frozen archway.
 14397 | IceCv    | Entered an ice cave
 14451 | IceCv    | Found a transporter.
 14469 | IceCv    | Found a transporter.
 14519 | Lair:5   | Reached skill level 7 in Conjurations
 14740 | Lair:5   | Killed Urug
 14741 | Lair:5   | Reached skill level 7 in Air Magic
 15059 | Lair:5   | Learned a level 3 spell: Dazzling Flash
 15228 | Lair:5   | Reached skill level 6 in Fighting
 15257 | Lair:5   | Reached skill level 8 in Conjurations
 15676 | Lair:6   | Entered Level 6 of the Lair of Beasts
 15897 | Lair:6   | Reached skill level 8 in Air Magic
 15909 | Lair:6   | Gained mutation: Your touch may irresistibly damage your
                  | foes and sap their willpower. [demonic ancestry]
 15909 | Lair:6   | Reached XP level 14. HP: 40/100 MP: 24/24
 16155 | Lair:6   | Reached skill level 14 in Invocations
 16194 | Lair:6   | Found a runed translucent gate.
 16194 | Lair:6   | Found a runed translucent gate.
 16196 | Lair:6   | Found a runed translucent gate.
 16197 | Lair:6   | Noticed Psyclone's ghost (journeyman DEIE)
 16344 | Lair:6   | Found a viscous altar of Jiyva.
 16345 | Lair:6   | Found a staircase to the Slime Pits.
 16560 | Lair:6   | Reached skill level 9 in Conjurations
 16777 | Lair:6   | Reached skill level 7 in Fighting
 16777 | Lair:6   | Reached skill level 9 in Air Magic
 16911 | Lair:6   | Reached skill level 13 in Slings
 16977 | Lair:6   | Learned a level 2 spell: Blink
 17729 | D:12     | Reached skill level 1 in Translocations
 17983 | D:12     | Found a staircase to the Orcish Mines.
 18593 | D:13     | Reached skill level 10 in Conjurations
 18593 | D:13     | Reached skill level 2 in Translocations
 18655 | D:13     | Identified the +0 ring mail "Leat" {-Cast rC++ rN+ SInv}
 19397 | D:13     | Reached skill level 3 in Translocations
 19526 | D:13     | Gained mutation: You are robust. (+10% HP) [demonic
                  | ancestry]
 19526 | D:13     | Reached XP level 15. HP: 50/121 MP: 25/25
 19612 | D:13     | Reached skill level 10 in Air Magic
 19702 | D:13     | Reached skill level 4 in Translocations
 19784 | D:13     | Identified the +5 ring mail of the Mind {Str+4 Dex+2}
 19800 | D:13     | Reached skill level 8 in Fighting
 20100 | D:14     | Reached skill level 11 in Conjurations
 20163 | D:14     | HP: 22/121 [vault guard/+0 halberd (16)]
 20305 | D:14     | Found a gate to the Vaults.
 20562 | D:14     | HP: 29/121 [skeletal warrior/+0 long sword[a death knight]
                  | (9)]
 21185 | D:15     | Entered Level 15 of the Dungeon
 21185 | D:15     | Found a blossoming altar of Fedhas.
 21444 | D:15     | Reached skill level 11 in Air Magic
 21519 | D:15     | Reached skill level 4 in Shields
 21714 | D:15     | Found a staircase to the Depths.
 22051 | D:5      | Bought the ring of Qoploin {rElec rC+ Str-4 Int+6 Dex+3}
                  | for 495 gold pieces
 22524 | Orc:1    | Entered Level 1 of the Orcish Mines
 22679 | Orc:1    | Learned a level 3 spell: Tukima's Dance
 23118 | Orc:2    | Entered Level 2 of the Orcish Mines
 23358 | Orc:2    | Reached skill level 1 in Hexes
 23471 | Orc:2    | Noticed an orc warlord
 23492 | Orc:2    | Killed an orc warlord
 23493 | Orc:2    | Reached skill level 2 in Hexes
 23551 | Orc:2    | Reached skill level 5 in Shields
 23610 | Orc:2    | Found Guisonig's Antique Weapon Shop.
 23612 | Orc:2    | Found Kucliblu's Antique Armour Boutique.
 23725 | Orc:2    | Bought a smoking battleaxe for 425 gold pieces
 23725 | Orc:2    | Identified the +6 battleaxe of Courage {vorpal, rC+} (You
                  | bought it in a shop on level 2 of the Orcish Mines)
 23884 | Orc:2    | Found Hyelac's Antique Armour Emporium.
 24068 | Orc:2    | Found a staircase to the Elven Halls.
 24459 | Orc:2    | Found Sefrot's Distillery.
 24467 | Orc:2    | Bought a potion of flight for 45 gold pieces
 24467 | Orc:2    | Bought a potion of curing for 45 gold pieces
 24467 | Orc:2    | Bought a potion of curing for 45 gold pieces
 24467 | Orc:2    | Bought a potion of heal wounds for 75 gold pieces
 24754 | Swamp:1  | Entered Level 1 of the Swamp
 24826 | Swamp:1  | Reached skill level 3 in Hexes
 24896 | Swamp:1  | Gained mutation: A meltable icy envelope protects you from
                  | harm. (AC +0) [demonic ancestry]
 24896 | Swamp:1  | Reached XP level 16. HP: 128/128 MP: 26/26
 25226 | Swamp:1  | Noticed Jorgrun
 25244 | Swamp:1  | Killed Jorgrun
 25290 | Swamp:1  | Reached skill level 14 in Slings
 25290 | Swamp:1  | Reached skill level 6 in Shields
 26206 | Swamp:3  | Reached skill level 4 in Spellcasting
 26469 | Swamp:3  | Reached skill level 5 in Spellcasting
 26477 | Swamp:3  | Learned a level 7 spell: Ozocubu's Refrigeration
 26810 | Spider:1 | Entered Level 1 of the Spider Nest
 26847 | Spider:1 | Reached skill level 1 in Ice Magic
 26945 | Spider:1 | Reached skill level 2 in Ice Magic
 27076 | Spider:1 | Reached skill level 3 in Ice Magic
 27113 | Spider:1 | Reached skill level 15 in Slings
 27656 | Spider:2 | Reached skill level 4 in Ice Magic
 28095 | Spider:2 | Reached skill level 5 in Ice Magic
 28542 | Spider:2 | HP: 27/129 [emperor scorpion (7)]
 28545 | Spider:2 | HP: 11/129 [emperor scorpion (4)]
 29345 | Spider:2 | Reached skill level 6 in Ice Magic
 29612 | Spider:2 | Gained mutation: You are completely covered in molten
                  | scales. (AC +4, rF+) [demonic ancestry]
 29612 | Spider:2 | Reached XP level 17. HP: 113/136 MP: 27/27
 30200 | Spider:4 | Entered Level 4 of the Spider Nest
 30205 | Spider:4 | Reached skill level 9 in Fighting
 30206 | Spider:4 | Reached skill level 7 in Ice Magic
 30289 | Spider:3 | HP: 29/138 [poisoned by an emperor scorpion]
 30290 | Spider:3 | HP: 12/138 [spore (9)]
 30689 | Spider:3 | Reached skill level 8 in Ice Magic
 30828 | Spider:4 | Got a gossamer rune of Zot
 30829 | Spider:4 | Identified the +3 hat of the Everdark {rPois MP+9 Int+7}
 31254 | Spider:4 | Reached skill level 9 in Ice Magic
 31266 | Spider:4 | Acquired the +2 kite shield "Xuek" {rElec Slay+2}
 31297 | Spider:4 | Reached skill level 10 in Fighting
 31395 | Spider:4 | Reached skill level 16 in Slings
 32274 | Swamp:4  | Entered Level 4 of the Swamp
 32826 | Swamp:4  | Reached skill level 10 in Ice Magic
 33622 | Elf:1    | Entered Level 1 of the Elven Halls
 33646 | Elf:1    | Reached XP level 18. HP: 149/149 MP: 27/28
 33741 | Elf:1    | Reached skill level 11 in Fighting
 33791 | Elf:1    | Found Vuent's Book Boutique.
 33807 | Elf:1    | Reached skill level 11 in Ice Magic
 34399 | Elf:1    | Paralysed by an air elemental for 1 turns
 34401 | Elf:1    | Paralysed by an air elemental for 1 turns
 34453 | Elf:1    | Reached skill level 1 in Short Blades
 35182 | Elf:2    | Reached skill level 2 in Short Blades
 35354 | Elf:2    | Found the ring of the Hare {EV+8}
 35431 | Elf:2    | Reached skill level 3 in Short Blades
 35460 | Elf:1    | Found a radiant altar of Vehumet.
 35532 | Elf:2    | Found Etotz's Distillery.
 35555 | Elf:2    | Learned a level 7 spell: Orb of Destruction
 35803 | Elf:2    | Reached skill level 12 in Ice Magic
 35961 | Elf:2    | Reached skill level 4 in Short Blades
 35973 | Elf:2    | Reached skill level 6 in Spellcasting
 35980 | Elf:2    | Found a runed translucent gate.
 35980 | Elf:2    | Found a runed translucent gate.
 35980 | Elf:2    | Found a runed translucent gate.
 36027 | Elf:3    | Entered Level 3 of the Elven Halls
 36291 | D:8      | Identified the ring "Fuorphyf" {Wiz Dex+2 Stlth+}
 36581 | Orc:2    | Bought an ancient chain mail for 313 gold pieces
 36581 | Orc:2    | Identified the +1 chain mail "Raty" {Rampage} (You bought
                  | it in a shop on level 2 of the Orcish Mines)
 36867 | D:5      | Bought a bloodstained mace for 168 gold pieces
 36867 | D:5      | Identified the +6 mace of the Arena {holy, rF+} (You bought
                  | it in a shop on level 5 of the Dungeon)
 37514 | Elf:3    | Reached skill level 12 in Fighting
 37630 | Elf:3    | Noticed a Tzitzimitl
 37632 | Elf:3    | Noticed an Ice Fiend
 37841 | Elf:3    | Cast into level 2 of the Abyss (a deep elf sorcerer)
 37889 | Elf:3    | Escaped the Abyss
 38223 | Elf:3    | Cast into level 2 of the Abyss (a deep elf demonologist)
 38301 | Abyss:2  | Noticed a Hell Sentinel
 38360 | Abyss:2  | Found a corrupted altar of Lugonu.
 38675 | Abyss:2  | HP: 38/154 [large abomination (28)]
 38692 | Abyss:2  | HP: 33/154 [spore (9)]
 38697 | Abyss:2  | HP: 30/154 [hellwing (1)]
 38903 | Abyss:2  | Found a burning altar of Makhleb.
 38927 | Elf:3    | Escaped the Abyss
 38941 | Elf:3    | Reached skill level 7 in Spellcasting
 38941 | Elf:3    | Reached skill level 13 in Ice Magic
 38948 | Elf:3    | Gained mutation: Spells you cast and wands you use may
                  | paralyse nearby enemies. [demonic ancestry]
 38948 | Elf:3    | Reached XP level 19. HP: 156/161 MP: 29/29
 39132 | Elf:3    | Identified the ring "Nuihet" {Wiz rPois rF+ Stlth+}
 39291 | Elf:3    | Reached skill level 12 in Conjurations
 39356 | Elf:3    | Identified the +6 flail of Checks and Balances {vorpal,
                  | Contam *Corrode rElec Str+9}
 39367 | Elf:3    | Noticed a Brimstone Fiend
 39673 | Elf:3    | Identified the +7 glaive of Paper {vorpal, rF- rC++}
 39674 | Elf:3    | Noticed a Brimstone Fiend
 39901 | Elf:3    | Got Ijedaq's Collected Works on Changing and Hexes
 39905 | Elf:3    | Got Diapn's Reference Book on Entrancing Transformation
 39915 | Elf:3    | Got the Guide on Flight
 40775 | Swamp:4  | Found a blossoming altar of Fedhas.
 40784 | Swamp:4  | Found a basalt altar of Yredelemnul.
 41007 | Swamp:4  | Got a decaying rune of Zot
 41187 | Vaults:1 | Entered Level 1 of the Vaults
 41209 | Vaults:1 | Reached skill level 8 in Spellcasting
 41248 | Vaults:1 | Reached skill level 13 in Fighting
 41276 | Vaults:1 | Found a flickering gateway to a bazaar.
 41296 | Bazaar   | Entered a bazaar
 41300 | Bazaar   | Found Best's General Store.
 41330 | Bazaar   | Found Nilusar's Magic Scroll Boutique.
 41362 | Bazaar   | Found Maewomnen's Armour Shop.
 41362 | Bazaar   | Found Kileyv's Distillery.
 41395 | Bazaar   | Bought a scroll of enchant armour for 67 gold pieces
 41395 | Bazaar   | Bought a scroll of blinking for 67 gold pieces
 41407 | Bazaar   | Bought a scroll of teleportation for 39 gold pieces
 41443 | Bazaar   | Bought a potion of heal wounds for 75 gold pieces
 41443 | Bazaar   | Bought a potion of curing for 45 gold pieces
 41443 | Bazaar   | Bought a potion of brilliance for 60 gold pieces
 41443 | Bazaar   | Bought a potion of curing for 45 gold pieces
 41443 | Bazaar   | Bought a potion of brilliance for 60 gold pieces
 41443 | Bazaar   | Bought a potion of curing for 45 gold pieces
 41458 | Bazaar   | Bought a scroll of enchant weapon for 97 gold pieces
 41458 | Bazaar   | Bought a potion of brilliance for 52 gold pieces
 41554 | Vaults:1 | Reached skill level 13 in Conjurations
 41881 | Vaults:1 | Identified the +0 scale mail of the Burnt God {-Cast Harm
                  | rElec}
 43519 | Vaults:2 | Reached skill level 14 in Conjurations
 44519 | Vaults:2 | Reached skill level 14 in Fighting
 44526 | Vaults:2 | Reached XP level 20. HP: 174/174 MP: 32/32
 44639 | Vaults:2 | Identified the +2 ring mail of Usielus {rC+}
 44734 | Vaults:2 | Reached skill level 15 in Conjurations
 45108 | Vaults:2 | Found a staircase to the Crypt.
 45275 | Vaults:3 | Noticed Donald
 45278 | Vaults:3 | Killed Donald
 45334 | Vaults:3 | Found a crumbling gateway.
 45429 | Desolati | Entered the Desolation of Salt
 45671 | Desolati | Identified the amulet "Pyroc" {rElec rF+ rN+ Regen+}
 45733 | Desolati | Identified the +0 leather armour of the Heavens {Int+3
                  | SInv}
 45944 | Desolati | Identified the +11 arbalest of Intagote {elec, rF+}
 46108 | Desolati | Identified the +8 whip "Qifos" {flame, rPois Str+4}
 46231 | Desolati | Got the Grimoire of Unholy Arcane Weapons
 46380 | Desolati | Reached skill level 16 in Conjurations
 46425 | Desolati | Reached skill level 14 in Ice Magic
 46560 | Desolati | Identified the +2 chain mail "Voydinec" {rF+ Dex+3 SInv}
 46614 | Desolati | Got the Catalogue of the Compass
 46616 | Desolati | Identified the ring of Bilegaz {*Slow rCorr Str+3}
 46620 | Desolati | Learned a level 1 spell: Apportation
 46920 | Vaults:3 | Reached skill level 5 in Short Blades
 47028 | Vaults:3 | Reached skill level 15 in Fighting
 47588 | Vaults:3 | You fall into a shaft and drop 1 floor!
 47611 | Vaults:4 | Reached skill level 6 in Short Blades
 47946 | Vaults:3 | Found Zonothru's Magic Scroll Emporium.
 47963 | Vaults:3 | Bought a scroll of teleportation for 42 gold pieces
 47963 | Vaults:3 | Bought a scroll of enchant weapon for 105 gold pieces
 47963 | Vaults:3 | Bought a scroll of teleportation for 42 gold pieces
 48427 | Vaults:4 | Reached XP level 21. HP: 184/184 MP: 33/33
 48459 | Vaults:4 | Reached skill level 7 in Short Blades
 48483 | Vaults:4 | Reached skill level 15 in Ice Magic
 48851 | Vaults:4 | Reached skill level 8 in Short Blades
 48853 | Vaults:4 | Identified the +2 robe of Meihy {rPois rC+}
 48900 | Vaults:4 | Reached skill level 1 in Evocations
 49356 | Vaults:4 | Reached skill level 2 in Evocations
 49508 | Vaults:4 | Found a runed translucent door.
 49571 | Vaults:4 | Identified the +0 robe "Duotz" {+Blink rElec Slay-5}
 49739 | Vaults:4 | Reached skill level 5 in Stealth
 49831 | Vaults:4 | Reached skill level 3 in Evocations
 50099 | Vaults:4 | Noticed Wimurch's ghost (veteran GnFi)
 50100 | Vaults:4 | Found the +3 robe of Clouds {*Thunder rCloud rElec}
 50335 | D:12     | Reached skill level 7 in Shields
 50388 | D:12     | Identified the ring of Stoicism {rPois rC+++ Will+ SInv}
 50585 | D:7      | Killed Maggie
 50741 | D:3      | Killed Ijyb
 50812 | D:3      | Killed Crazy Yiuf
 51443 | Lair:6   | Killed Psyclone's ghost
 51444 | Lair:6   | Reached skill level 16 in Fighting
 52014 | Vaults:2 | HP: 29/188 [crystal guardian[a peacekeeper] (34)]
 52392 | Depths:1 | Entered Level 1 of the Depths
 52814 | Depths:1 | Found a one-way gate to the infinite horrors of the Abyss.
 52840 | Depths:1 | Reached skill level 4 in Evocations
 53114 | Depths:1 | Found a gateway to Hell.
 53350 | Depths:1 | Reached skill level 8 in Shields
 53580 | Depths:1 | Found a one-way gate leading to the halls of Pandemonium.
 53586 | Depths:1 | Reached skill level 6 in Stealth
 53946 | Depths:2 | Noticed Nikola
 53952 | Depths:2 | Killed Nikola
 54164 | Depths:2 | Found Cypeseq's Antique Weapon Shoppe.
 54183 | Depths:2 | Reached skill level 9 in Short Blades
 54358 | Depths:2 | Found Payrua's Book Boutique.
 54360 | Depths:2 | Found Ysapt's Assorted Antiques.
 54728 | Depths:2 | Reached XP level 22. HP: 195/195 MP: 34/34
 54748 | Depths:2 | Reached skill level 5 in Evocations
 54821 | Depths:2 | Found the +8 Vampire's Tooth {vamp}
 55017 | Depths:2 | Reached skill level 9 in Shields
 55105 | Depths:2 | Reached skill level 7 in Stealth
 55397 | Depths:3 | Found a one-way gateway to a ziggurat.
 55637 | Depths:3 | Noticed spiderkeys's ghost (veteran DrAK)
 55663 | Depths:3 | Found a transporter.
 56080 | Depths:3 | Reached skill level 6 in Evocations
 56093 | Depths:3 | Reached skill level 8 in Stealth
 56388 | Depths:3 | Found a transporter.
 56709 | Depths:4 | Entered Level 4 of the Depths
 56886 | Depths:4 | Noticed Saint Roka
 56893 | Depths:4 | Reached skill level 10 in Shields
 56897 | Depths:4 | Killed Saint Roka
 57333 | Depths:4 | Reached skill level 9 in Stealth
 57660 | Depths:4 | Found a gate to the Realm of Zot.
 57784 | Depths:4 | Noticed Sojobo
 57791 | Depths:4 | Killed Sojobo
 57792 | Depths:4 | Reached skill level 17 in Fighting
 58154 | Depths:4 | Noticed an ancient lich
 58347 | Depths:4 | Reached skill level 11 in Shields
 58666 | Vaults:5 | Entered Level 5 of the Vaults
 58710 | Vaults:5 | Reached skill level 10 in Stealth
 58876 | Vaults:5 | Identified the +1 morningstar of Zexoihasa {vamp, rF++ rN+
                  | Will- Str+3}
 59057 | Vaults:5 | Identified the +7 scythe "Umas" {vamp, Fragile rPois rC+
                  | Int+5}
 59110 | Vaults:5 | Gained mutation: You are very robust. (+20% HP) [demonic
                  | ancestry]
 59110 | Vaults:5 | Reached XP level 23. HP: 137/212 MP: 16/35
 59419 | Vaults:5 | Reached skill level 11 in Stealth
 59427 | Vaults:5 | Reached skill level 12 in Shields
 59454 | Vaults:5 | Identified the amulet "Diogg" {Reflect Int+4 SH+5}
 59497 | Vaults:5 | Noticed a dread lich
 59620 | Vaults:5 | HP: 48/225 [yaktaur captain/bolt (32)]
 59691 | Vaults:5 | Reached skill level 12 in Stealth
 60081 | Vaults:5 | Killed a dread lich
 60082 | Vaults:5 | Reached skill level 13 in Shields
 60458 | Vaults:5 | Got a silver rune of Zot
 61002 | Vaults:4 | Killed Wimurch's ghost
 61415 | Elf:1    | Bought the Catalogue of the Snowflakes for 576 gold pieces
 61425 | Elf:1    | Learned a level 9 spell: Polar Vortex
 61714 | Crypt:1  | Entered Level 1 of the Crypt
 62535 | Crypt:1  | Reached skill level 18 in Fighting
 62660 | Crypt:1  | Noticed Jory
 62684 | Crypt:1  | Killed Jory
 62891 | Crypt:1  | Got the Almanac of Flames
 64201 | Crypt:2  | Reached XP level 24. HP: 236/236 MP: 35/35
 64361 | Crypt:2  | Reached skill level 14 in Shields
 64688 | Crypt:3  | Entered Level 3 of the Crypt
 65162 | Crypt:3  | Reached skill level 9 in Spellcasting
 65214 | Crypt:3  | Identified the +1 leather armour "Oxey" {Dex+3}
 65222 | Crypt:3  | Reached skill level 16 in Ice Magic
 65223 | Crypt:3  | HP: 59/238 [ghoul (12)]
 66599 | Crypt:3  | HP: 53/238 [ancient champion/+2 battleaxe of draining (13)]
 67081 | Crypt:3  | Found a staircase to the Tomb.
 67235 | Crypt:3  | Found a basalt altar of Yredelemnul.
 67239 | Crypt:3  | Found an ancient bone altar of Kikubaaqudgha.
 67525 | Crypt:3  | Identified the +1 whip "Rifyeski" {holy, Dex+4}
 67902 | Depths:4 | Killed an ancient lich
 67903 | Depths:4 | Reached skill level 10 in Spellcasting
 67903 | Depths:4 | Reached skill level 17 in Ice Magic
 68028 | Depths:4 | Got the Compendium of Stolen Souls
 68146 | Zot:1    | Entered Level 1 of the Realm of Zot
 68156 | Zot:1    | Learned a level 5 spell: Irradiate
 68237 | Zot:1    | HP: 59/238 [red draconian scorcher/searing blast (7)]
 68243 | Zot:1    | HP: 55/238 [electric golem/bolt of lightning (7)]
 68929 | Zot:1    | Reached XP level 25. HP: 237/247 MP: 34/37
 68936 | Zot:1    | Learned a level 5 spell: Manifold Assault
 69211 | Zot:1    | Reached skill level 18 in Ice Magic
 69217 | Zot:1    | Reached skill level 11 in Spellcasting
 69233 | Zot:1    | dragoon: looks like u been thru some shiet
 69233 | Zot:1    | sokol815: lol, hey man. You know it.
 69685 | Zot:1    | HP: 38/247 [yellow draconian annihilator/iron shot (28)]
 70102 | Zot:1    | Identified the +8 chain mail of Kiydyathe {+Inv Regen+}
 73277 | Zot:3    | Reached skill level 19 in Ice Magic
 73780 | Zot:3    | Reached skill level 10 in Short Blades
 73790 | Zot:3    | Reached skill level 12 in Spellcasting
 75300 | Zot:3    | Acquired a +2 fustibalus of freezing
 75778 | Zot:4    | Reached skill level 11 in Short Blades
 76222 | Zot:4    | Noticed an orb of fire
 76510 | Zot:4    | HP: 61/247 [storm dragon/bolt of lightning (6)]
 76895 | Zot:4    | Reached skill level 20 in Ice Magic
 77044 | Zot:4    | Identified the +6 flail of Foepsyc {vorpal, Contam rC+
                  | rCorr}
 77129 | Zot:5    | Entered Level 5 of the Realm of Zot
 77174 | Zot:5    | Reached XP level 26. HP: 255/255 MP: 39/39
 77847 | Zot:5    | Reached skill level 13 in Spellcasting
 77995 | Zot:5    | Noticed an orb of fire
 78412 | Zot:5    | Killed an orb of fire
 79076 | Zot:5    | Noticed a dread lich
 79270 | Zot:5    | Learned a level 4 spell: Iskenderun's Mystic Blast
 79288 | Zot:5    | Noticed a dread lich
 79299 | Zot:5    | Killed a dread lich
 79301 | Zot:5    | Reached skill level 21 in Ice Magic
 79389 | Zot:5    | Noticed an ancient lich
 79402 | Zot:5    | Killed an ancient lich
 79716 | Zot:5    | Noticed an orb of fire
 79716 | Zot:5    | Noticed a dread lich
 79717 | Zot:5    | Reached skill level 14 in Spellcasting
 79727 | Zot:5    | Gained mutation: You sometimes lose the ability to read
                  | scrolls when taking damage. [an orb of fire]
 79728 | Zot:5    | HP: 52/255 [Killer Klown/+12 club (15)]
 79736 | Zot:5    | Killed an orb of fire
 79736 | Zot:5    | Noticed an ancient lich
 79748 | Zot:5    | Killed an ancient lich
 79748 | Zot:5    | HP: 63/255 [golden dragon (8)]
 79751 | Zot:5    | Killed a dread lich
 79756 | Zot:5    | Killed a dread lich
 79758 | Zot:5    | HP: 48/255 [tentacled monstrosity (8)]
 79763 | Zot:5    | HP: 33/255 [black draconian knight/shard of ice (20)]
 79769 | Zot:5    | HP: 34/255 [??? (16)]
 79775 | Zot:5    | Reached skill level 22 in Ice Magic
 81004 | Zig:1    | Entered Level 1 of a ziggurat
 81022 | Zig:2    | Entered Level 2 of a ziggurat
 81190 | Zig:3    | Entered Level 3 of a ziggurat
 81328 | Zig:3    | Identified an amulet of Icwoat {Spirit rF+ rC+}
 81333 | Zig:4    | Entered Level 4 of a ziggurat
 81522 | Zig:5    | Entered Level 5 of a ziggurat
 81568 | Zig:5    | Identified the +6 whip "Eviscerator" {drain, rCorr SInv}
 81576 | Zig:6    | Entered Level 6 of a ziggurat
 81792 | Zig:7    | Entered Level 7 of a ziggurat
 81799 | Zig:7    | Noticed Ryojoycu the pandemonium lord
 81799 | Zig:7    | Found the +8 Wrath of Trog {antimagic, *Rage Rampage}
 81808 | Zig:7    | Killed Ryojoycu the pandemonium lord
 81930 | Zig:8    | Entered Level 8 of a ziggurat
 81944 | Zig:8    | HP: 58/255 [searing wretch (18)]
 81949 | Zig:8    | Reached skill level 15 in Spellcasting
 81949 | Zig:8    | HP: 60/255 [searing wretch (13)]
 81955 | Zig:8    | Gained mutation: You are extremely robust. (+30% HP)
                  | [demonic ancestry]
 81955 | Zig:8    | Reached XP level 27. HP: 55/284 MP: 21/42
 82136 | Zig:8    | Got the Almanac of Mutagenic Clay
 82162 | Zig:9    | Entered Level 9 of a ziggurat
 82171 | Zig:9    | Gained mutation: You have hidden genetic defects. [a
                  | shining eye]
 82313 | Zig:10   | Entered Level 10 of a ziggurat
 82326 | Zig:10   | Noticed a pearl dragon
 82327 | Zig:10   | Reached skill level 19 in Fighting
 82336 | Zig:10   | Killed a pearl dragon
 82346 | Zig:10   | HP: 69/287 [angel/+3 whip of holy wrath (17)]
 82347 | Zig:10   | HP: 28/287 [angel/+3 whip of holy wrath (30)]
 82348 | Zig:10   | Reached skill level 23 in Ice Magic
 82580 | Zig:10   | Identified the +8 scale mail of Fun {rF+ rCorr MP+9 Str-4}
 82608 | Zig:11   | Entered Level 11 of a ziggurat
 82622 | Zig:11   | Noticed Qoamelor the pandemonium lord
 82625 | Zig:11   | HP: 55/287 [demonspawn warmonger/bolt (26)]
 82628 | Zig:11   | HP: 16/287 [Ice Fiend/bolt of cold (18)]
 82629 | Zig:11   | HP: 5/287 [Brimstone Fiend (5)]
 82630 | Zig:11   | Mangled by an Ice Fiend

Illustrated notes

Levels and vault maps discovered:
D:1:      lightli_arrival_statuegarden, layout_loops_ring
D:2:      layout_loops_cross
D:3:      layout_loops_ring, hellmonk_ecumenical_altar_watching_god,
          kennysheep_generic_room_15, uniq_ijyb, uniq_crazy_yiuf_cottage
D:4:      layout_loops_ring, mainiacjoe_overflow_six_doors_small,
          nicolae_vehumet_altar_sigil, xom_butterflies,
          mainiacjoe_overflow_boulevard, lemuel_temple_firewalk_a,
          minmay_misc_feat_encased
D:5:      layout_rooms, serial_shops, nicolae_shop_behind_doors,
          nicolae_shop_trees, nicolae_shop_temple_entry_statues_fountains,
          shop_statue
D:6:      layout_basic, mainiacjoe_overflow_brackets
D:7:      layout_basic, uniq_maggie
D:8:      minmay_statue_hallways, layout_rooms,
          nicolae_hepliaklqana_monster_ancestors
D:9:      layout_loops_ring
D:10:     layout_roguey, gammafunk_temple_overflow_elements
D:11:     layout_big_octagon, lair_entry_dummy, nicolae_stop_n_shop_2
D:12:     layout_stronghold, david_orc_4, minivault_12
D:13:     lemuel_castle_with_subvaults [lemuel_castle_interior_carwin_3],
          layout_stronghold, hangedman_decor_points
D:14:     layout_roguey, erik_vaults_2, gauntlet_entry_generic,
          kennysheep_cross_room
D:15:     hangedman_depths_entry_try_elsewhere_first, layout_small_grid,
          hangedman_decor_growths, corexii_checkpoint_b, fedhas_altar_3
Lair:1:   dragon1_lemuel, layout_long_grid, nicolae_volcano_entry_lava_flow
Lair:2:   layout_misc_corridors, skrybe_swamp_entry_bodies,
          cheibrodos_lair_lostbears, grunt_megastairs_2,
          infiniplex_staircase_pool, serial_bayou_shore_a, lemuel_fruit_fields,
          serial_bayou_shore_b
Lair:3:   layout_roguey, lemuel_fruit_fields, lemuel_fruit_fields,
          lemuel_fruit_fields
Lair:4:   layout_misc_corridors, spider_nest_entry_rubble, uniq_josephine
Lair:5:   layout_long_grid, portal_ice_cave_entry_pillars_2, special_room
          [special_room_bee], serial_bayou_pond_b, pond, grunt_megastairs_4,
          uniq_urug
Lair:6:   evilmike_catoblepas_cave, layout_gridlike, slime_altar_1,
          gammafunk_ghost_necromancy, serial_bayou_pond_a, serial_bayou_shore_b
Swamp:1:  nicolae_swamp_ascending_descending_big, layout_falls_marsh,
          nicolae_swamp_fairy_circle, uniq_jorgrun
Swamp:2:  layout_basic_swamp, nicolae_swamp_big_swirl
Swamp:3:  layout_falls_marsh, evilmike_swamp_ruin_house_3
Swamp:4:  byrel_swamp_growth_death_and_undeath, layout_basic_swamp
Spider:1: layout_spider_delve
Spider:2: layout_chambers, nicolae_spider_scorpion_nest
Spider:3: layout_spider_delve, nicolae_spider_shape
Spider:4: grunt_spider_rune_island, drop_trap,
          nicolae_spider_twisty_arc_passages
Orc:1:    nicolae_orc_accident_3, layout_caves
Orc:2:    grunt_orc_community_town_hall, layout_caves,
          grunt_orc_community_big_house_1, grunt_orc_community_big_house_1,
          grunt_orc_community_house_1, grunt_orc_community_house_1,
          grunt_orc_community_house_1, grunt_orc_community_house_3,
          grunt_orc_community_house_1, grunt_orc_community_house_2
Elf:1:    minmay_elf_arrival_plus, layout_loops_corners, serial_shops, shop,
          lemuel_upstairs_altar
Elf:2:    elven_hall_of_blades_hangedman_original [nicolae_blade_bullseye],
          layout_geoelf_grid, serial_shops, nicolae_shop_statue_plus
Elf:3:    minmay_elf_hall_curves, layout_loops_cross
Vaults:1: grunt_vaults_diagonal, vaults_room_octagon, st_spiral_rooms,
          vaults_room_fours, vaults_dpeg_cross, ontoclasm_vaults_eye,
          nicolae_vaults_little_squares_1, layout_vaults_omnigrid, serial_shops,
          bzr_entry_customers
Vaults:2: ontoclasm_vaults_misaligned, minmay_crypt_entry_skeletal_spiral,
          nicolae_vaults_big_angled_halls, v_misc_23, grunt_vaults_hallway_long,
          vaults_standard_mumra_lines, grunt_vaults_swirl,
          ontoclasm_vaults_chip, nicolae_vaults_diagonal_hallway_8,
          nicolae_vaults_circle_grid_a, vaults_room_pools, serial_ice_g,
          vaults_room_semicircle, layout_vaults_omnicross
Vaults:3: portal_desolation_entry_twin_temple, ontoclasm_vaults_ring_large,
          nicolae_vaults_little_squares_5, vaults_mumra_lcd,
          nicolae_vaults_little_squares_6, vaults_room_pool, v_misc_19,
          ontoclasm_vaults_fault, vaults_mumra_minichess_inversion,
          vaults_dpeg_ring, nicolae_vaults_diagonal_hallway_7,
          vaults_room_hallway, layout_vaults_maze_bifur, serial_shops,
          nicolae_shop_trees, uniq_donald
Vaults:4: ebering_ghost_reflecting_pool, nicolae_vaults_ninety_degrees,
          nicolae_vaults_arrows, vaults_room_large_hall,
          ontoclasm_vaults_hangar, hangedman_vaults_cutoff,
          vaults_room_door_hall, nicolae_vaults_specimen_jars, v_misc_13,
          v_alt_pattern_6, ontoclasm_vaults_idyll,
          nicolae_vaults_stairing_the_circle, layout_vaults_omnibox
Vaults:5
Crypt:1:  hangedman_screamer, layout_basic, uniq_margery, uniq_jory
Crypt:2:  minmay_shadows, layout_gridlike
Crypt:3:  lightli_unholy_cathedral, layout_chaotic_city,
          tomb_entry_forgotten_bobbens, nrook_guardian_serpent_ordinary
Depths:1: layout_gridlike, grunt_pan_entry_in_and_out, abyss_entry,
          grunt_hell_entry_dis_grunt, nicolae_lava_and_water,
          kennysheep_generic_room_8
Depths:2: minmay_skeleton_keep, layout_honeycomb, serial_shops, shop,
          abyss_entry_crystal, grunt_pan_entry_zigzag, hell_entry,
          roderic_lattice_octagonal_star, minmay_shoptagon, uniq_nikola
Depths:3: kennysheep_spiral_hall, layout_cave_pools, enter_ziggurat_e,
          hellmouth_1, gammafunk_ghost_arena, abyss_entry, hex_medium,
          rand_demon_pan_entry_7, uniq_josephina
Depths:4: evilmike_zot_entry_round, layout_basic, pf_hell_entry_great_geh,
          special_room [special_room_morgue], uniq_saint_roka, uniq_sojobo
Zot:1:    layout_concentric_octagons
Zot:2:    layout_basic
Zot:3:    kennysheep_blocky_room, layout_cathedral_of_symmetry,
          hangedman_elemental_corridor
Zot:4:    layout_gridlike, bh_zot_ikea_curve
Zot:5:    layout_basic
Zig:11

Skill      XL: |  1  2  3  4  5  6  7  8  9 10 11 12 13 14 15 16 17 18 19 20 21 22 23 24 25 26 27 |
---------------+----------------------------------------------------------------------------------+-----
Axes           | 3 4 5 |  5.6
Slings         | 1 2 3 4 6 8 9 11 12 13 15 16 | 16.0
Stealth        | 2 3 4 6 10 12 | 12.0
Dodging        | 3 4 |  4.0
Invocations    | 1 3 5 8 12 13 14 | 14.0
Armour         | 2 3 4 |  4.0
Shields        | 1 2 3 5 6 8 11 13 14 | 14.9
Conjurations   | 1 5 6 8 10 11 14 16 | 16.5
Poison Magic   | 1 5 6 |  6.0
Spellcasting   | 1 3 5 7 8 10 12 15 | 15.6
Air Magic      | 1 5 6 8 9 11 | 11.2
Fighting       | 4 6 7 8 10 12 14 15 16 17 18 19 | 19.1
Translocations | 3 4 |  4.0
Hexes          | 3 |  3.3
Ice Magic      | 6 10 13 14 15 17 20 22 23 | 23.0
Short Blades   | 4 6 9 11 | 11.0
Evocations     | 4 6 |  6.0

Action                   |  1- 3 |  4- 6 |  7- 9 | 10-12 | 13-15 | 16-18 | 19-21 | 22-24 | 25-27 || total
-------------------------+-------+-------+-------+-------+-------+-------+-------+-------+-------++-------
Melee: Hand axe          |   101 |       |       |       |       |       |       |       |       ||   101
       Punch             |     2 |       |       |       |       |       |       |       |       ||     2
       Touch             |    14 |       |       |       |       |       |       |       |       ||    14
       Hunting sling     |       |     1 |       |     1 |     1 |     1 |       |       |       ||     4
       Trident           |       |       |    16 |       |       |       |       |       |       ||    16
       War axe           |       |       |       |     7 |    22 |    14 |       |       |       ||    43
       Short sword       |       |       |       |       |    29 |     4 |    59 |   757 |   709 ||  1558
       Staff             |       |       |       |       |       |     1 |       |       |       ||     1
       Quick blade       |       |       |       |       |       |       |       |   358 |       ||   358
 Fire: Hunting sling     |    11 |    95 |   348 |   616 |  1802 |  2218 |  1950 |  1534 |   125 ||  8699
Throw: Stone             |   105 |       |       |       |       |       |       |       |       ||   105
       Boomerang         |       |       |       |       |       |       |       |     7 |     5 ||    12
       Javelin           |       |       |       |       |       |       |       |     2 |     4 ||     6
 Cast: Dazzling Flash    |       |       |       |       |     1 |       |       |       |       ||     1
       Mephitic Cloud    |       |       |       |       |    23 |     3 |       |     7 |       ||    33
       Tukima's Dance    |       |       |       |       |    13 |     3 |       |       |       ||    16
       Conjure Ball Ligh |       |       |       |       |     6 |    62 |    39 |    37 |    21 ||   165
       Blink             |       |       |       |       |       |     3 |     1 |    11 |     6 ||    21
       Ozocubu's Refrige |       |       |       |       |       |     2 |   105 |    61 |    49 ||   217
       Orb of Destructio |       |       |       |       |       |       |    16 |    52 |    60 ||   128
       Polar Vortex      |       |       |       |       |       |       |       |       |    20 ||    20
       Iskenderun's Myst |       |       |       |       |       |       |       |       |     6 ||     6
       Irradiate         |       |       |       |       |       |       |       |       |     1 ||     1
Invok: Temporal Distorti |       |       |     3 |     1 |       |     2 |       |       |     1 ||     7
       Bend Time         |       |       |     1 |     8 |    21 |     2 |       |       |       ||    32
       Slouch            |       |       |       |     7 |     6 |    21 |     6 |    12 |    13 ||    65
       Step From Time    |       |       |       |     2 |     3 |     1 |     1 |     2 |       ||     9
Evoke: Tin of tremorston |       |       |       |     2 |     2 |       |       |     2 |     2 ||     8
       Wand              |       |       |       |     7 |     1 |     7 |     1 |       |    12 ||    28
       Condenser vane    |       |       |       |       |     2 |       |       |     2 |     1 ||     5
       Lightning rod     |       |       |       |       |       |       |       |     4 |       ||     4
       Box of beasts     |       |       |       |       |       |       |       |     1 |       ||     1
  Use: Scroll            |       |       |    16 |    10 |    14 |     8 |     9 |     6 |    14 ||    77
       Potion            |       |       |     1 |       |     1 |    12 |       |     9 |    18 ||    41
 Stab: Sleeping          |       |       |       |       |     1 |     2 |     5 |    23 |    23 ||    54
       Petrified         |       |       |       |       |     6 |       |       |       |       ||     6
       Invisible         |       |       |       |       |     3 |       |       |       |       ||     3
       Paralysed         |       |       |       |       |     5 |     1 |     6 |    24 |    25 ||    61
       Confused          |       |       |       |       |     1 |       |       |     3 |       ||     4
       Distracted        |       |       |       |       |       |       |     2 |    40 |    31 ||    73
Armor: Robe              |     6 |       |       |       |   266 |   394 |   252 |   522 |   223 ||  1663
       Leather armour    |     7 |       |    36 |   113 |       |       |       |       |       ||   156
       Scale mail        |     4 |     7 |       |       |       |       |       |       |       ||    11
       Chain mail        |    14 |       |       |       |       |       |       |       |       ||    14
Dodge: Dodged            |    63 |    19 |   119 |   277 |   585 |   671 |   341 |   582 |   217 ||  2874
Block: Other             |       |     2 |       |       |       |       |       |       |       ||     2
       Buckler           |       |       |    86 |   235 |   434 |   576 |   452 |    79 |       ||  1862
       Kite shield       |       |       |       |       |       |       |       |  1507 |   523 ||  2030
       Reflection        |       |       |       |       |       |       |       |    27 |    16 ||    43

Table legend: (Time is in decaauts)
 A = Elapsed time spent in this place.
 B = Non-inter-level travel time spent in this place.
 C = Inter-level travel time spent in this place.
 D = Time resting spent in this place.
 E = Time spent auto-exploring this place.
 F = Levels seen in this place.
 G = Mean time per level.
                   A        B        C        D        E       F      G
               +--------+--------+--------+--------+--------+-----+--------+
         Total | 125564 | 105299 |  20265 |  15060 |  64506 |  67 | 1874.1 |
       Dungeon |  28675 |  20522 |   8153 |   1098 |  15165 |  15 | 1911.7 |
          Lair |  13497 |  10837 |   2660 |    812 |   7146 |   6 | 2249.5 |
         Swamp |   5904 |   5044 |    860 |   1108 |   2566 |   4 | 1476.0 |
   Spider Nest |   7989 |   7494 |    495 |   1273 |   4546 |   4 | 1997.2 |
  Orcish Mines |   4039 |   3325 |    714 |    254 |   2284 |   2 | 2019.5 |
   Elven Halls |   7611 |   6253 |   1358 |    912 |   3434 |   3 | 2537.0 |
        Vaults |  15698 |  13494 |   2204 |   2077 |   8446 |   5 | 3139.6 |
         Crypt |   7136 |   6759 |    377 |   1727 |   3084 |   3 | 2378.7 |
        Depths |  10076 |   9034 |   1042 |   1075 |   6291 |   4 | 2519.0 |
           Zot |  19747 |  17351 |   2396 |   3348 |  10566 |   5 | 3949.4 |
         Abyss |   1040 |   1040 |      0 |    109 |      0 |   2 |  520.0 |
      Ziggurat |   1862 |   1862 |      0 |   1031 |    232 |  11 |  169.3 |
        Bazaar |    340 |    340 |      0 |      0 |    149 |   1 |  340.0 |
      Ice Cave |    109 |    109 |      0 |      0 |     55 |   1 |  109.0 |
    Desolation |   1833 |   1833 |      0 |    233 |    536 |   1 | 1833.0 |
               +--------+--------+--------+--------+--------+-----+--------+

Top non-repeatable levels by time:
   Zot:1: 5469 daAuts
   Zot:5: 4867 daAuts
    D:12: 4002 daAuts
Vaults:4: 3781 daAuts
   Zot:3: 3654 daAuts
Vaults:2: 3536 daAuts
Vaults:1: 3402 daAuts
   Zot:2: 3312 daAuts
Spider:2: 3115 daAuts
Depths:4: 3053 daAuts
   Elf:3: 3049 daAuts
   Elf:1: 2865 daAuts
Vaults:5: 2828 daAuts
  Lair:6: 2820 daAuts
   Orc:2: 2819 daAuts

Table legend:
 A = Kills in this place as a percentage of kills in entire the game.
 B = Kills by you in this place as a percentage of kills by you in the entire game.
 C = Kills by friends in this place as a percentage of kills by friends in the entire game.
 D = Other kills in this place as a percentage of other kills in the entire game.
 E = Experience gained in this place as a percentage of experience gained in the entire game.
 F = Experience gained in this place divided by the number of levels of this place that you have seen.
                   A       B       C       D       E      F
               +-------+-------+-------+-------+-------+----------------------
         Total | 100.0 | 100.0 | 100.0 | 100.0 | 100.0 | 22920.1
       Dungeon |  15.9 |  15.9 |   0.0 |  17.6 |   5.1 | 5241.5
          Lair |   9.1 |   9.2 |   0.0 |   0.0 |   4.7 | 12046.8
         Swamp |   4.3 |   4.2 |   0.0 |  17.6 |   3.6 | 13831.2
   Spider Nest |   7.5 |   7.5 |   0.0 |   0.0 |   5.7 | 22061.0
  Orcish Mines |   5.8 |   5.8 |  25.0 |   5.9 |   0.8 | 6046.0
   Elven Halls |   6.4 |   6.2 |  75.0 |  17.6 |   7.7 | 39175.7
        Vaults |  16.1 |  16.1 |   0.0 |  29.4 |  19.7 | 60412.6
         Crypt |   8.3 |   8.3 |   0.0 |   0.0 |  10.0 | 51402.7
        Depths |   9.1 |   9.1 |   0.0 |   0.0 |  12.1 | 46551.8
           Zot |   9.2 |   9.3 |   0.0 |   5.9 |  22.1 | 67903.2
         Abyss |   1.7 |   1.7 |   0.0 |   0.0 |   0.0 |   0.0
      Ziggurat |   3.1 |   3.1 |   0.0 |   0.0 |   5.6 | 7827.5
      Ice Cave |   0.2 |   0.2 |   0.0 |   0.0 |   0.1 | 807.0
    Desolation |   3.5 |   3.5 |   0.0 |   5.9 |   2.8 | 42649.0
               +-------+-------+-------+-------+-------+----------------------
